 Dungeon Crawl Stone Soup version 0.30-a0-218-gedb9141078 (webtiles) character file.

Game seed: 11282962692723927193

76 KennySheep the Ogre Mage (level 4, 0/42 HPs)
             Began as an Ogre Hedge Wizard on Oct 5, 2022.
             Was a Follower of Kikubaaqudgha.
             Slain by Terence
             ... wielding a +4 vorpal hand axe
              (12 damage)
             ... on level 2 of the Dungeon.
             The game lasted 00:06:24 (2259 turns).

KennySheep the Ogre Mage (Ogre Hedge Wizard)        Turns: 2259, Time: 00:06:25

Health: 0/42       AC:  3    Str: 12    XL:     4   Next: 32%
Magic:  2/10       EV:  9    Int: 17    God:    Kikubaaqudgha [*.....]
Gold:   54         SH:  0    Dex:  8    Spells: 5/11 levels left

rFire   . . .      SeeInvis +    l - +4 dagger "Rescholux" {flame, +Blink Str-2 SInv Stlth+}
rCold   . . .      Faith    .    (no shield)
rNeg    . . .      Spirit   .    b - +0 robe
rPois   .          Reflect  .    c - +0 hat
rElec   .          Harm     .    (no cloak)
rCorr   .          Rampage  .    (gloves unavailable)
Will    .....                    (boots unavailable)
Stlth   ++........               (no amulet)
HPRegen 0.27/turn                (no ring)
MPRegen 0.12/turn                (no ring)

@: no status effects
A: large, unfitting armour, tough skin 1
a: Renounce Religion, Evoke Blink, Unearth Wretches


You were on level 2 of the Dungeon.
You worshipped Kikubaaqudgha.
Kikubaaqudgha was aware of your devotion.
You visited 1 branch of the dungeon, and saw 2 of its levels.

You collected 54 gold pieces.

Inventory:

Hand Weapons
 a - a +0 dagger
 g - a +0 club
 l - the +4 dagger "Rescholux" (weapon) {flame, +Blink Str-2 SInv Stlth+}
   (You found it on level 2 of the Dungeon)

   It burns those it strikes, dealing additional fire damage.
   Str:       It affects your strength (-2).
   SInv:      It lets you see invisible.
   +Blink:    It lets you blink.
   Stlth:     It makes you more stealthy.
Armour
 b - a +0 robe (worn)
 c - a +0 hat (worn)
Scrolls
 f - a scroll of teleportation {unknown}
 h - a scroll of noise
 j - a scroll of identify
Potions
 d - a potion of magic
 e - 2 potions of attraction {unknown}
 i - 2 potions of brilliance {unknown}
 k - a potion of haste {unknown}
 m - a potion of invisibility {unknown}
 n - a potion of curing {unknown}


   Skills:
 + Level 2.1 Fighting
 + Level 1.8 Maces & Flails
 - Level 1.7 Dodging
 - Level 1.4 Stealth
 + Level 4.1 Spellcasting
 - Level 0.8 Conjurations
 - Level 0.8 Summonings
 * Level 1.3 Necromancy
 - Level 0.8 Translocations


You had 5 spell levels left.
You knew the following spells:

 Your Spells              Type           Power      Damage    Failure   Level
a - Magic Dart            Conj           24%        1d4       11%         1
b - Blink                 Tloc           12%        N/A       17%         2
c - Call Imp              Summ           6%         N/A       17%         2
d - Necrotise             Necr           32%        1d5       9%          1

Your spell library contained the following spells:

 Spells                   Type           Power      Damage    Failure   Level
 Sublimation of Blood     Necr           8%         N/A       14%         2
 Slow                     Hex            12%        N/A       16%         1
 Momentum Strike          Conj/Tloc      12%        3d8       17%         2
 Cigotuvi's Dreadful Rot  Necr/Pois/Air  10%        N/A       19%         2
 Lesser Beckoning         Tloc           12%        N/A       32%         3
 Mephitic Cloud           Conj/Pois/Air  4%         N/A       38%         3
 Animate Dead             Necr           8%         N/A       65%         4
 Anguish                  Hex/Necr       2%         N/A       75%         4


Dungeon Overview and Level Annotations

Branches:
Dungeon (2/15)

Altars:
Cheibriados
Kikubaaqudgha

Annotations:
D:2 Natasha, Terence


Innate Abilities, Weirdness & Mutations

You are too large for most types of armour.
You have tough skin. (AC +1)


Message History

You see here a +0 club.
Terence the Incautious comes into view.
He is wielding a +4 vorpal hand axe and wearing a +4 chain mail of poison resistance.
Found an escape hatch in the floor.
Terence is nearby!
You miscast Necrotise.
You are very lightly contaminated with residual magic.
Nothing appears to happen.
Terence shouts!
Terence struggles to resist.
Terence writhes in agony.
Terence struggles to resist.
Terence struggles to resist.
Terence barely misses you.
Terence struggles to resist.
Terence closely misses you.
Terence writhes in agony.
Terence hits you with a +4 vorpal hand axe.
Your magical contamination has completely faded away.
You miscast Necrotise.
You are very lightly contaminated with residual magic.
Nothing appears to happen.
Terence barely misses you.
Terence struggles to resist.
Terence hits you with a +4 vorpal hand axe.
Terence writhes in agony.
Terence hits you with a +4 vorpal hand axe.
Terence writhes in agony.
Terence hits you with a +4 vorpal hand axe!
Terence attacks as you move away! Terence closely misses you.
Your magical contamination has completely faded away.
Casting: Necrotise (safe; 9% risk of failure)
Confirm with . or Enter, or press ? or * to list all spells.
Okay, then.
Terence attacks as you move away!
Terence hits you with a +4 vorpal hand axe!
* * * LOW HITPOINT WARNING * * *
x2
There is a stone staircase leading down here.
Terence says, "Rest in peace."
Terence says, "Did you write a will?
You should..."
Terence attacks as you move away!
Terence hits you with a +4 vorpal hand axe!
You die...
Kikubaaqudgha rasps: "You have failed me!
Welcome... death!"

#####).>######..# #.....#
##..†............###.###.#####.##
#...###.######.......# #.#.!....>
#...###.# #..####.###.#.#
......#.# #..####.....#.#
........# #..........##.#
......#.# ##.######.###.#
#...###.# #.######.###.# #...#
#.# #.@@....>....# ##.## #.#
########.##### #.# #.# #.#
##[####.# ##.## ......#.#
##########...##### ##.##.#.#
#...........#...... #.##.#..
........##....##### #.##(#.# #>#
##..##.#.## #.##.#.# #.#
#.......#


You could see Terence.

Vanquished Creatures
  2 adders
  3 dart slugs
  5 bats
  3 endoplasms
  A giant cockroach (D:2)
  10 goblins
  2 kobolds
  A quokka (D:2)
  7 ball pythons
  A frilled lizard (D:1)
  4 rats
39 creatures vanquished.

Vanquished Creatures (collateral kills)
  An adder (D:2)
1 creature vanquished.

Grand Total: 40 creatures vanquished

Notes
Turn   | Place    | Note
-------+----------+-------------------------------------------
     0 | D:1      | KennySheep the Ogre Hedge Wizard began the quest for the
                  | Orb.
     0 | D:1      | Reached XP level 1. HP: 16/16 MP: 5/5
   379 | D:1      | Reached XP level 2. HP: 26/26 MP: 0/6
   461 | D:1      | Learned a level 2 spell: Blink
   464 | D:1      | Learned a level 2 spell: Call Imp
   475 | D:1      | Reached skill level 1 in Fighting
   475 | D:1      | Reached skill level 1 in Maces & Flails
  1101 | D:1      | Found a faded altar of an unknown god.
  1106 | D:1      | Prayed at the altar of an unknown god.
  1106 | D:1      | Became a worshipper of Kikubaaqudgha
  1106 | D:1      | Reached * piety under Kikubaaqudgha
  1106 | D:1      | Received a gift from Kikubaaqudgha
  1109 | D:1      | Learned a level 1 spell: Necrotise
  1262 | D:2      | Identified the +4 dagger "Rescholux" {flame, +Blink Str-2
                  | SInv Stlth+}
  1291 | D:2      | Reached XP level 3. HP: 30/33 MP: 1/8
  1375 | D:2      | Reached skill level 4 in Spellcasting
  1595 | D:2      | Found a snail-covered altar of Cheibriados.
  1659 | D:2      | Noticed Natasha
  1692 | D:1      | Reached skill level 1 in Necromancy
  1932 | D:2      | Reached XP level 4. HP: 42/42 MP: 6/10
  2233 | D:2      | Noticed Terence
  2259 | D:2      | Slain by Terence

Illustrated notes

Levels and vault maps discovered:
D:1:      minmay_arrival_open_corners, layout_loops_corners,
          shapermc_ecumenical_altar_petra
D:2:      layout_loops_ring, basic_altar, uniq_natasha, uniq_terence

Skill      XL: |  1  2  3  4 |
---------------+-------------+-----
Fighting       | 1 2 |  2.1
Maces & Flails | 1 |  1.8
Spellcasting   | 4 |  4.1
Necromancy     | 1 |  1.3
Dodging        | |  1.7
Stealth        | |  1.4
Conjurations   | |  0.8
Summonings     | |  0.8
Translocations | |  0.8

Action                   |  1- 3 |  4- 6 || total
-------------------------+-------+-------++-------
Melee: Club              |     6 |       ||     6
       Dagger            |     4 |     6 ||    10
 Cast: Magic Dart        |    74 |       ||    74
       Necrotise         |     8 |    28 ||    36
  Use: Scroll            |       |     1 ||     1
Armor: Robe              |    18 |     3 ||    21
Dodge: Dodged            |    22 |     9 ||    31

Table legend: (Time is in decaauts)
 A = Elapsed time spent in this place.
 B = Non-inter-level travel time spent in this place.
 C = Inter-level travel time spent in this place.
 D = Time resting spent in this place.
 E = Time spent auto-exploring this place.
 F = Levels seen in this place.
 G = Mean time per level.
                   A        B        C        D        E       F      G
               +--------+--------+--------+--------+--------+-----+--------+
         Total |   2283 |   2200 |     83 |    189 |   1704 |   2 | 1141.5 |
       Dungeon |   2283 |   2200 |     83 |    189 |   1704 |   2 | 1141.5 |
               +--------+--------+--------+--------+--------+-----+--------+

Top non-repeatable levels by time:
     D:1: 1415 daAuts
     D:2: 867 daAuts
